AoeStats
← Hemingway

Baltic

510575068Analyzed
4v4 RM · 1d ago on Oct 1, 2026· 41m 5s· 8 players
Game mode
Random Map
Map size
Large (8 player)
Population
200
Speed
Normal
Resources
Standard
Victory
Conquest
Starting age
Dark Age
Ending age
Imperial Age
RankedLock teamsTeams togetherTeam positionsShared explorationLock speedFull tech treeHidden civsTurbo modeCheats
Victory
Defeat
🇬🇧 Inca · United Kingdom
1327
+7
🇩🇪 Persians · Germany
1169
+13
🇳🇴 Vikings · Norway
1111
+15
🇬🇧 Varangians · United Kingdom
1005
+19
🇨🇳 Mongols · China
1133
-15
🇨🇳 Malay · China
1095
-13
🇨🇳 Poles · China
1082
-13
🇨🇳 Magyars · China
1077
-13
Brooony
10:53 Feudal Age
18:40 Double-Bit Axe
28:43 Castle Age
26:45 Horse Collar
27:12 Gold Mining
27:10 Loom
27:52 Forging
27:47 Scale Barding Armor
28:36 Bloodlines
29:40 Wheelbarrow
29:47 Bow Saw
29:41 Heavy Plow
31:48 Iron Casting
31:59 Husbandry
34:33 Chain Barding Armor
36:17 Stone Mining
38:23 Hand Cart
42:11 Imperial Age
HyenHks
9:14 Loom
12:56 Feudal Age
13:29 Double-Bit Axe
18:07 Castle Age
18:07 Fishing Lines
19:06 Bow Saw
25:30 Horse Collar
27:58 Fletching
32:12 Imperial Age
29:29 Town Watch
30:21 Stone Mining
30:22 Gold Mining
33:45 Heavy Plow
34:48 Two-Man Saw
35:26 Elite Longship
36:26 Bodkin Arrow
37:36 Chemistry
39:48 Bracer
39:49 Padded Archer Armor
40:10 Siege Engineers
41:16 Ballistics
Busy Dingo
10:58 Feudal Age
11:55 Double-Bit Axe
14:52 Castle Age
12:43 Horse Collar
15:31 Bow Saw
17:39 Fishing Lines
18:45 Gold Mining
19:27 Heavy Plow
20:52 Wheelbarrow
22:32 Gillnets
23:54 Loom
24:33 Hand Cart
24:04 Town Watch
24:45 Stone Mining
26:58 Gold Shaft Mining
27:03 Stone Shaft Mining
29:30 Imperial Age
26:52 Fletching
27:13 Forging
27:26 Town Patrol
27:38 Scale Barding Armor
29:21 Iron Casting
28:41 Bodkin Arrow
32:25 Elite War Elephant
33:26 Conscription
34:21 Two-Man Saw
34:02 Chain Barding Armor
34:42 Blast Furnace
34:18 Crop Rotation
34:09 Murder Holes
34:35 Ballistics
35:15 Chemistry
34:27 Masonry
35:19 Bloodlines
35:10 Husbandry
34:30 Light Cavalry
37:39 Plate Barding Armor
Hemingway
5:07 Loom
9:02 Feudal Age
9:18 Champi Runner
13:46 Arson
15:32 Double-Bit Axe
21:32 Castle Age
20:20 Scale Mail Armor
21:36 Wheelbarrow
22:24 Town Watch
23:54 Chain Mail Armor
24:44 Bow Saw
24:41 Fletching
25:08 Horse Collar
27:43 Bodkin Arrow
34:27 Imperial Age
32:45 Forging
33:57 Padded Archer Armor
34:18 Elite Skirmisher
35:48 Bracer
36:04 Leather Archer Armor
35:57 Guard Tower
37:03 Conscription
37:37 Plate Mail Armor
38:02 Ballistics
38:28 Masonry
39:09 Ring Archer Armor
39:33 Hand Cart
40:15 Elite Kamayuk
41:32 Iron Casting
42:04 Chemistry
Tsukitech
9:41 Loom
12:25 Feudal Age
19:42 Castle Age
26:20 Scale Barding Armor
32:36 Bloodlines
32:41 Forging
37:54 Iron Casting
37:40 Chain Barding Armor
39:22 Double-Bit Axe
钩子王
11:08 Feudal Age
16:48 Castle Age
16:18 Gold Mining
16:15 Double-Bit Axe
31:38 Wheelbarrow
33:57 Imperial Age
32:44 Bow Saw
32:16 Horse Collar
33:14 Padded Archer Armor
33:04 Fletching
33:46 Heavy Plow
34:07 Hand Cart
34:42 Stone Mining
35:14 Leather Archer Armor
34:54 Bodkin Arrow
36:09 Conscription
35:59 Thumb Ring
38:40 Elite Mangudai
家恒
11:15 Feudal Age
10:49 Double-Bit Axe
11:46 Fishing Lines
21:33 Castle Age
21:20 Bow Saw
23:33 Medium Warships
29:49 Thalassocracy
40:56 Imperial Age
喜多川海梦
2:37 Loom
3:02 Loom
12:25 Feudal Age
18:27 Castle Age
18:13 Scale Barding Armor
20:38 Double-Bit Axe
24:41 Horse Collar
30:38 Imperial Age
28:41 Corvinian Army
30:25 Stone Mining
30:50 Bow Saw
31:11 Heavy Plow
31:55 Bloodlines
33:01 Husbandry
33:08 Light Cavalry
34:29 Gold Mining
35:12 Crop Rotation
34:24 Elite Magyar Huszar
35:06 Cavalier
36:33 Conscription
36:36 Chain Barding Armor
36:04 Town Watch
38:17 Capped Ram
39:39 Paladin
Connection lost

Rejoining the realm…

Still unreachable

The connection could not be restored.

Session expired

The server has moved on; the page needs a fresh start.